 Dungeon Crawl Stone Soup version 0.32-a0-411-g744942f433 (console) character file.

Game seed: 5240148897559506382

8941 zenocrate the Covert (level 11, 0/72 HPs)
             Began as a Kobold Delver on Feb 20, 2024.
             Was an Initiate of Gozag.
             Slain by a vampire (2 damage)
             ... on level 11 of the Dungeon.
             The game lasted 00:20:59 (11794 turns).

zenocrate the Covert (Kobold Delver)               Turns: 11794, Time: 00:21:00

Health: 0/72       AC: 13    Str:  9    XL:     11   Next: 65%
Magic:  0/12       EV: 19    Int: 15    God:    Gozag
Gold:   399        SH:  0    Dex: 20    Spells: 3/11 levels left

rFire   + . .        a - +4 short sword
rCold   . . .        (no shield)
rNeg    . . .        E - +0 acid dragon scales
rPois   .            (no helmet)
rElec   .            F - +2 cloak
rCorr   +            (no gloves)
SInv    .            m - +0 pair of boots
Will    .....        v - amulet of guardian spirit
Stlth   +++++++      y - ring of protection from fire
HPRegen 0.32/turn    z - ring of resist corrosion
MPRegen 0.13/turn

%: guardian spirit
@: invisible
A: small, no large weapons, nightstalker 3, talons 1, iridescent scales 1,
clever 1, robust 1
a: Renounce Religion, Potion Petition, Call Merchant, Bribe Branch


You were on level 11 of the Dungeon.
You worshipped Gozag.
Gozag was aware of your devotion.
You visited 3 branches of the dungeon, and saw 13 of its levels.

You collected 1261 gold pieces.
You spent 648 gold pieces at shops.
You paid 214 gold pieces to Gozag.

Inventory:

Hand Weapons
 a - a +4 short sword (weapon)
 b - a +1 short sword of speed
 w - a +0 short sword
 A - a +1 dagger of venom
 B - a +2 dagger of flaming
Missiles
 p - 4 poisoned darts
 u - 4 boomerangs (quivered)
 H - 5 atropa-tipped darts
Armour
 e - the +0 leather armour of the Pink Corner {Slay+2 Stlth+}
   (You bought it in a shop on level 1 of the Dungeon)

   Slay+2:    It affects your accuracy & damage with ranged weapons and melee
   (+2).
   Stlth+:    It makes you more stealthy.
 i - the +1 leather armour of the Flute {rF- Will+ Stlth+}
   (You bought it in a shop on level 1 of the Dungeon)

   rF-:       It makes you vulnerable to fire.
   Will+:     It increases your willpower.
   Stlth+:    It makes you more stealthy.
 k - an orb of guile
 m - a +0 pair of boots (worn)
 n - +0 steam dragon scales
 E - +0 acid dragon scales (worn)
 F - a +2 cloak (worn)
Jewellery
 t - an amulet of reflection
 v - an amulet of guardian spirit (around neck)
 y - a ring of protection from fire (left hand)
 z - a ring of resist corrosion (right hand)
 K - a ring of protection from fire
Wands
 g - a wand of digging (9)
 C - a wand of flame (7)
 D - a wand of quicksilver (2)
 J - a wand of polymorph (4)
Scrolls
 c - 4 scrolls of fog
 d - a scroll of enchant weapon
 j - 2 scrolls of revelation
 l - a scroll of summoning {unknown}
 o - a scroll of silence
 q - 2 scrolls of enchant armour
 r - a scroll of poison
Potions
 f - 2 potions of magic
 h - a potion of mutation
 x - 3 potions of enlightenment
 L - a potion of attraction


   Skills:
 * Level 6.4 Fighting
 + Level 11.6 Short Blades
 + Level 4.4 Armour
 + Level 9.1 Dodging
 + Level 14.5 Stealth
 + Level 0.9 Spellcasting
 + Level 1.0 Hexes
 + Level 1.0 Ice Magic
 - Level 6.3 Evocations


You had 3 spell levels left.
You knew the following spells:

 Your Spells              Type           Power      Damage    Failure   Level
a - Ensorcelled Hibernat  Hex/Ice        6%         N/A       36%         2
b - Confusing Touch       Hex            3%         N/A       61%         3
c - Fugue of the Fallen   Necr           0%         N/A       77%         3

Your spell library contained the following spells:

 Spells                   Type           Power      Damage    Failure   Level
 Sting                    Conj/Alch      0%         1d3       38%         1
 Sigil of Binding         Hex            3%         N/A       61%         3
 Hailstorm                Conj/Ice       2%         3d5       69%         3
 Summon Ice Beast         Ice/Summ       2%         N/A       69%         3
 Call Canine Familiar     Summ           0%         N/A       77%         3
 Anguish                  Hex/Necr       1%         N/A       97%         4
 Dimensional Bullseye     Hex/Tloc       1%         N/A       97%         4
 Sculpt Simulacrum        Ice/Alch       1%         N/A       100%        6


Dungeon Overview and Level Annotations

Branches:
Dungeon (11/15)            Temple (1/1) D:7            Lair (1/5) D:10
    Orc: D:9-12

Altars:
Ashenzari
Dithmenos
Elyvilon
Fedhas
Gozag
Hepliaklqana
Kikubaaqudgha
Makhleb
Nemelex Xobeh
Okawaru
Qazlal
Ru
Sif Muna
Trog
Uskayaw
Vehumet
Wu Jian
Xom
Yredelemnul
Zin
The Shining One

Shops:
D:1 [:   D:11 =

Annotations:
D:5 1 runed translucent door, ezpacito's ghost, novice DsCK


Innate Abilities, Weirdness & Mutations

You are small and have problems with some larger weapons.
You are completely attuned to the shadows.
You have sharp toenails.
You are partially covered in iridescent scales. (AC +2)
Your mind is acute. (Int +4, Str/Dex -1)
You are robust. (+10% HP)


Message History

There is a strange disturbance nearby!
You completely miss something. Something hits you.
* * * LOW HITPOINT WARNING * * *
Something bites you.
* * * LOW HITPOINT WARNING * * *
Something draws strength from your injuries!
There is a strange disturbance nearby!
There is a strange disturbance nearby!
Unknown command.
Okay, then.
Okay, then.
Okay, then.
Something closely misses you. Something bites you.
* * * LOW HITPOINT WARNING * * *
Something draws strength from your injuries!
Things that are here:
5 gold pieces; a +0 flail Unknown command.
You now have 399 gold pieces (gained 5).
Something hits you.
* * * LOW HITPOINT WARNING * * *
Something bites you.
* * * LOW HITPOINT WARNING * * *
Something draws strength from your injuries!
Okay, then.
It was a potion of cancellation.
You feel magically purged. Something hits you.
* * * LOW HITPOINT WARNING * * *
Something bites you but does no damage.
Blink to where?
Press: ? - help, Dir - move target
As you read the scroll of blinking, it crumbles to dust.
Unknown command.
Something hits you!
* * * LOW HITPOINT WARNING * * *
Something closely misses you.
Unknown command.
You fade into invisibility!
Something hits you.
You die...
Your body crumbles into a pile of gold.

#.[.....
#..§....
#.......
#.∩.....
#.......
#.......
#.........
#.........
#.........
#.........
#....@....
##########


There were no monsters in sight!

Vanquished Creatures
  2 two-headed ogres
  Pikel (D:5)
  A cyclops (D:9)
  Maurice (D:8)
  A gargoyle (D:11)
  Jeremiah (D:7)
  Psyche (D:8)
  A hornet (D:8)
  Grinder (D:3)
  3 wyverns
  3 vampire mosquitoes (D:10)
  2 steam dragons
  3 acid dragons
  2 water moccasins
  Duvessa (D:7)
  5 orc warriors
  2 ice beasts
  2 sky beasts (D:6)
  3 centaurs
  5 ogres
  A phantom (D:5)
  4 lemures (D:5)
  2 scorpions (D:6)
  3 bullfrogs (D:8)
  Dowan (D:7)
  9 wights
  3 howler monkeys
  2 hounds (D:5)
  2 bombardier beetles
  2 jellies (D:6)
  6 orc priests
  Crazy Yiuf (D:3)
  5 iguanas
  A sleepcap (D:6)
  Jessica (D:2)
  12 orc wizards
  4 gnolls (D:6)
  9 adders
  A white imp (D:7)
  An ufetubus (D:5)
  3 dart slugs
  2 ribbon worms (D:2)
  30 orcs
  4 endoplasms (D:1)
  5 giant cockroaches
  3 goblins
  7 hobgoblins
  5 quokkas
  7 ball pythons
  8 bats
  6 frilled lizards
  9 kobolds
  8 rats
208 creatures vanquished.

Vanquished Creatures (others)
  A white imp (D:8)
1 creature vanquished.

Grand Total: 209 creatures vanquished

Notes
Turn   | Place    | Note
-------+----------+-------------------------------------------
     0 | D:5      | zenocrate the Kobold Delver began the quest for the Orb.
     0 | D:5      | Reached XP level 1. HP: 14/14 MP: 1/1
    79 | D:4      | Noticed an iguana
   189 | D:4      | Reached XP level 2. HP: 16/19 MP: 2/2
   325 | D:3      | Reached XP level 3. HP: 20/23 MP: 3/3
   394 | D:2      | Reached skill level 7 in Stealth
   457 | D:2      | Noticed Jessica
   461 | D:2      | Killed Jessica
   462 | D:2      | Reached XP level 4. HP: 29/29 MP: 4/4
   623 | D:1      | Found Noakef's Antique Armour Shoppe.
   842 | D:1      | Found Azud's Book Shop.
   858 | D:1      | Found a faded altar of an unknown god.
  1087 | D:1      | Reached XP level 5. HP: 33/33 MP: 5/5
  2017 | D:3      | Noticed Grinder
  2026 | D:3      | Paralysed by Grinder for 2 turns
  2030 | D:3      | Killed Grinder
  2031 | D:3      | Reached skill level 5 in Short Blades
  2031 | D:3      | Reached skill level 5 in Dodging
  2031 | D:3      | Reached skill level 8 in Stealth
  2031 | D:3      | Reached XP level 6. HP: 22/38 MP: 6/6
  2193 | D:3      | Reached XP level 7. HP: 42/42 MP: 7/7
  2586 | D:3      | Found a runed translucent door.
  2589 | D:3      | Noticed Crazy Yiuf
  2594 | D:3      | Killed Crazy Yiuf
  2780 | D:4      | Gained mutation: You have hidden genetic defects. [potion
                  | of mutation]
  2780 | D:4      | Gained mutation: You are clumsy. (Dex -2) [potion of
                  | mutation]
  2780 | D:4      | Gained mutation: You have a pair of small antennae on your
                  | head. [potion of mutation]
  2780 | D:4      | Lost mutation: You have hidden genetic defects. [potion of
                  | mutation]
  2855 | D:4      | Lost mutation: You are clumsy. (Dex -2) [potion of
                  | mutation]
  2855 | D:4      | Lost mutation: You have a pair of small antennae on your
                  | head. [potion of mutation]
  2855 | D:4      | Gained mutation: Your mind is acute. (Int +4, Str/Dex -1)
                  | [potion of mutation]
  2855 | D:4      | Gained mutation: You have sharp toenails. [potion of
                  | mutation]
  2855 | D:4      | Gained mutation: You are partially covered in iridescent
                  | scales. (AC +2) [potion of mutation]
  2855 | D:4      | Gained mutation: You are robust. (+10% HP) [potion of
                  | mutation]
  3169 | D:4      | Identified the orb of the Evening Star {light, Harm rCorr}
  3251 | D:4      | Reached skill level 9 in Stealth
  3327 | D:4      | Identified the +10 war axe of Julenuz {antimagic, Will-
                  | Int+5 Stlth+}
  3559 | D:5      | Found a runed translucent door.
  3568 | D:5      | Noticed ezpacito's ghost (novice DsCK)
  3603 | D:5      | Reached XP level 8. HP: 35/52 MP: 8/8
  4143 | D:5      | Reached skill level 10 in Stealth
  4874 | D:5      | Found a stormy altar of Qazlal.
  4923 | D:5      | Reached XP level 9. HP: 57/57 MP: 9/9
  5034 | D:5      | Noticed Pikel
  5037 | D:5      | Killed Pikel
  5038 | D:5      | Reached skill level 11 in Stealth
  5700 | D:6      | Reached skill level 12 in Stealth
  5780 | D:6      | Reached skill level 1 in Armour
  6420 | D:6      | Reached skill level 10 in Short Blades
  6420 | D:6      | Reached XP level 10. HP: 61/61 MP: 10/10
  6693 | D:7      | Noticed Jeremiah
  6697 | D:7      | Killed Jeremiah
  6991 | D:7      | Noticed Duvessa
  6992 | D:7      | Noticed Dowan
  7015 | D:7      | Killed Duvessa
  7024 | D:7      | Killed Dowan
  7357 | D:7      | Found a staircase to the Ecumenical Temple.
  8230 | Temple   | Entered the Ecumenical Temple
  8455 | Temple   | Became a worshipper of Gozag Ym Sagoz the Greedy
  8586 | D:1      | Bought a brightly glowing leather armour for 168 gold
                  | pieces
  8586 | D:1      | Identified the +0 leather armour of the Pink Corner {Slay+2
                  | Stlth+} (You bought it in a shop on level 1 of the Dungeon)
  8586 | D:1      | Bought a faintly humming leather armour for 168 gold pieces
  8586 | D:1      | Identified the +1 leather armour of the Flute {rF- Will+
                  | Stlth+} (You bought it in a shop on level 1 of the Dungeon)
  8718 | D:8      | Reached skill level 5 in Evocations
  8851 | D:8      | Found a blossoming altar of Fedhas.
  8865 | D:8      | Noticed a two-headed ogre
  8868 | D:8      | Killed a two-headed ogre
  8869 | D:8      | Reached skill level 5 in Fighting
  8869 | D:8      | Reached skill level 13 in Stealth
  8893 | D:8      | Noticed Psyche
  8916 | D:8      | Killed Psyche
  8987 | D:8      | Found a shimmering altar of Xom.
  9308 | D:8      | Noticed Maurice
  9328 | D:8      | Something stole a +2 dagger of flaming
  9330 | D:8      | Something stole an orb of guile
  9343 | D:8      | Something stole 91 gold
  9346 | D:8      | Something stole 3 boomerangs
  9464 | D:8      | Maurice stole 96 gold
  9493 | D:8      | Killed Maurice
  9494 | D:8      | Reached XP level 11. HP: 41/70 MP: 3/11
  9884 | D:9      | Found a white marble altar of Elyvilon.
  9884 | D:9      | Found a glowing silver altar of Zin.
  9952 | D:9      | Noticed a two-headed ogre
  9961 | D:9      | Killed a two-headed ogre
  9962 | D:9      | Reached skill level 14 in Stealth
 10036 | D:9      | Noticed a cyclops
 10040 | D:9      | Killed a cyclops
 10288 | D:9      | Found a bloodstained altar of Trog.
 10294 | D:9      | Got the Papyrus of Chemical Spellbinding
 10433 | D:9      | Learned a level 3 spell: Confusing Touch
 10463 | D:9      | Found a hazy altar of Hepliaklqana.
 10588 | D:9      | Identified the +1 leather armour "Qiruocs" {SInv Stlth+}
 10828 | D:1      | Bought a book of Dreams for 312 gold pieces
 10831 | D:1      | Learned a level 2 spell: Ensorcelled Hibernation
 10835 | D:1      | Learned a level 3 spell: Fugue of the Fallen
 11012 | D:10     | Entered Level 10 of the Dungeon
 11416 | D:10     | Found a staircase to the Lair.
 11456 | Lair:1   | Entered Level 1 of the Lair of Beasts
 11678 | D:10     | Found a shimmering blue altar of Sif Muna.
 11768 | D:11     | Found Dig Limm's Jewellery Shoppe.
 11775 | D:11     | Reached skill level 1 in Hexes
 11775 | D:11     | Reached skill level 1 in Ice Magic
 11793 | D:11     | HP: 2/72 [something (5)]
 11794 | D:11     | Slain by a vampire

Illustrated notes

Levels and vault maps discovered:
D:1:      arrival_zaba_pyramid, layout_loops_ring, serial_shops, shop, shop,
          ebering_ecumenical_altar_box, hangedman_decor_growths,
          minmay_nonomino_d4
D:2:      layout_rooms, skrybe_limestone_x, uniq_jessica
D:3:      layout_loops_ring, uniq_crazy_yiuf_cottage, uniq_grinder
D:4:      layout_rooms, corexii_hall_statues_x
D:5:      kennysheep_spiral_hall, layout_loops_corners,
          nicolae_qazlal_eye_of_the_storm, gammafunk_ghost_grave,
          dk_rats_in_the_wall, uniq_pikel
D:6:      layout_basic
D:7:      layout_basic, minmay_temple_entry_arrows, kennysheep_generic_room_13,
          uniq_duvessa, uniq_jeremiah
D:8:      layout_loops_ring, kennysheep_mini_moat, mainiacjoe_overflow_chevrons,
          uniq_maurice, uniq_psyche
D:9:      minmay_flawed_box, layout_loops_ring,
          nicolae_hepliaklqana_hippocampus, bloody_trog,
          gammafunk_temple_overflow_statue, chequers_serial_rivers_room_b
D:10:     layout_basic, slow_altar_1, nicolae_overflow_crystal_walls,
          lair_entry_dummy, hiddenorc1_lemuel
D:11:     layout_cross, serial_shops, shop, st_stairs_8,
          hangedman_corner_corridor
Temple:   compressed_dpeg_triangle_lava_temple
Lair:1:   layout_roguey, special_room [special_room_bee],
          dreamdust_mushroom_princess, minmay_lair_oklob_bushes,
          serial_bayou_lagoon_a

Skill      XL: |  1  2  3  4  5  6  7  8  9 10 11 |
---------------+----------------------------------+-----
Short Blades   | 3 5 6 8 10 11 | 11.6
Stealth        | 7 8 9 10 12 13 14 | 14.5
Dodging        | 3 5 6 7 8 9 |  9.1
Evocations     | 4 5 6 |  6.3
Armour         | 1 3 4 |  4.4
Fighting       | 5 6 |  6.4
Hexes          | 1 |  1.0
Ice Magic      | 1 |  1.0
Spellcasting   | |  0.9

Action                     |  1- 3 |  4- 6 |  7- 9 | 10-12 || total
---------------------------+-------+-------+-------+-------++-------
  Melee: Short sword       |    48 |   106 |   497 |   350 ||  1001
  Evoke: Wand              |     1 |       |       |    21 ||    22
    Use: Scroll            |     2 |       |     6 |    10 ||    18
         Potion            |     1 |     2 |     4 |     9 ||    16
   Stab: Sleeping          |     1 |    27 |    34 |    28 ||    90
         Invisible         |       |     3 |       |       ||     3
         Distracted        |       |     2 |     2 |     3 ||     7
 Armour: Leather armour    |    18 |    28 |    87 |       ||   133
         Skin              |       |       |     7 |       ||     7
         Steam dragon scal |       |       |    32 |    13 ||    45
         Acid dragon scale |       |       |       |   142 ||   142
  Dodge: Dodged            |    30 |    46 |   178 |   213 ||   467

Table legend: (Time is in decaauts)
 A = Elapsed time spent in this place.
 B = Non-inter-level travel time spent in this place.
 C = Inter-level travel time spent in this place.
 D = Time resting spent in this place.
 E = Time spent auto-exploring this place.
 F = Levels seen in this place.
 G = Mean time per level.
                   A        B        C        D        E       F      G
               +--------+--------+--------+--------+--------+-----+--------+
         Total |  11243 |   9933 |   1310 |      2 |   8241 |  13 |  864.8 |
       Dungeon |  11161 |   9871 |   1290 |      2 |   8186 |  11 | 1014.6 |
        Temple |     21 |      1 |     20 |      0 |      0 |   1 |   21.0 |
          Lair |     60 |     60 |      0 |      0 |     55 |   1 |   60.0 |
               +--------+--------+--------+--------+--------+-----+--------+

Top non-repeatable levels by time:
     D:5: 1785 daAuts
     D:7: 1649 daAuts
     D:6: 1435 daAuts
     D:8: 1172 daAuts
     D:1: 1029 daAuts
     D:4: 1011 daAuts
     D:3: 944 daAuts
     D:9: 800 daAuts
    D:10: 655 daAuts
     D:2: 653 daAuts
  Lair:1: 60 daAuts
    D:11: 24 daAuts
  Temple: 21 daAuts
